 Dungeon Crawl Stone Soup version 0.18.1-8-gdd0e5ea (webtiles) character file.

10785 aspa the Fighter (level 11, -1/85 HPs)
             Began as an Octopode Wizard on June 3, 2016.
             Was an Elder of Vehumet.
             Killed by an exploding fulminant prism (40 damage)
             ... created by ReniFell's ghost
             ... on level 10 of the Dungeon.
             The game lasted 02:00:33 (17933 turns).

aspa the Fighter (Octopode Wizard)                 Turns: 17933, Time: 02:00:33

Health: -1/85      AC:  2    Str:  5    XL:     11   Next: 67%
Magic:  2/23       EV: 12    Int: 23    God:    Vehumet [****..]
Gold:   470        SH:  6    Dex: 11    Spells: 10 memorised, 0 levels left

rFire  . . .     SeeInvis .     b - staff of conjuration
rCold  + . .     Gourm    .     n - +0 buckler
rNeg   + . .     Faith    .     H - +1 hat
rPois  +         Spirit   .     e - amulet of magic regeneration
rElec  .         Dismiss  .     j - ring of positive energy
rCorr  .         Reflect  .     d - ring of sustain attributes
SustAt +         Harm     .     G - ring of poison resistance
MR     .....     Rnd*Rage +     (no ring)
Stlth  ++++......               (no ring)
                                (no ring)
                                (no ring)
                                (no ring)

@: repel missiles, not resistant to hostile enchantments, stealthy
A: almost no armour, amphibious, 8 rings, constrict 8, tentacle spike 2,
camouflage 1, berserk 1, blurry vision 1, cold resistance 1, weak 1, gelatinous
body 1
a: Renounce Religion


You were on level 10 of the Dungeon.
You worshipped Vehumet.
Vehumet was greatly pleased with you.
You were hungry.

You visited 2 branches of the dungeon, and saw 12 of its levels.
You also visited: Ossuary.

You collected 470 gold pieces.

Inventory:

Hand Weapons
 a - a +2 mace of protection
 m - a +1 spear of freezing
 o - a +2 halberd of venom
 p - a +0 flail of crushing
 q - a +1 whip of electrocution
Missiles
 F - 50 arrows
Armour
 n - a +0 buckler (worn)
 H - a +1 hat (worn)
Magical Staves
 b - an uncursed staff of conjuration (weapon)
Jewellery
 d - a ring of sustain attributes (right tentacle)
 e - an amulet of magic regeneration (around mantle)
 j - a ring of positive energy (left tentacle)
 G - a ring of poison resistance (on tentacle)
Wands
 f - a wand of acid (2/15)
 v - a wand of digging (0/24)
 E - a wand of lightning (3/15)
 L - a wand of hasting (0/9)
Scrolls
 i - 2 scrolls of teleportation
 l - 3 scrolls of remove curse
 r - 2 scrolls of identify
 s - a scroll of blinking
 t - a scroll of amnesia
 y - 2 scrolls of enchant weapon
 A - a scroll of recharging
 C - a scroll of holy word {unknown}
 D - a scroll of fog
Potions
 g - 3 potions of haste
 h - 4 potions of flight
 k - 2 potions of cancellation
 u - a potion of heal wounds
 x - 2 potions of curing
 B - a potion of magic
 I - a potion of berserk rage
Comestibles
 c - 6 bread rations
 w - a beef jerky
 z - 2 meat rations
 J - a chunk of flesh


   Skills:
 - Level 12.2 Fighting
 - Level 2.0 Dodging
 + Level 3.9 Stealth
 - Level 9.6 Shields
 + Level 8.2 Spellcasting
 - Level 5.0 Conjurations
 + Level 1.6 Hexes
 * Level 3.9 Charms
 * Level 4.4 Summonings
 * Level 4.1 Translocations
 + Level 1.0 Evocations


You couldn't memorise any spells.
You knew the following spells:

 Your Spells              Type           Power        Failure   Level  Hunger
a - Magic Dart            Conj           ####         1%          1    None
b - Call Imp              Summ           ####....     1%          2    None
c - Mephitic Cloud        Conj/Pois/Air  ####....     3%          3    None
d - Blink                 Tloc           N/A          1%          2    None
e - Repel Missiles        Chrm/Air       ###...       4%          2    None
f - Conjure Flame         Conj/Fire      ####....     2%          3    None
g - Slow                  Hex            ###.....     6%          2    None
h - Regeneration          Chrm/Necr      ###.......   10%         3    None
i - Dazzling Spray        Conj/Hex       #####...     2%          3    None
j - Iskenderun's Battles  Conj/Chrm      #####...     9%          5    #####..


Dungeon Overview and Level Annotations

Branches:
Dungeon (11/15)            Temple (1/1) D:7
   Lair: D:8-11         Orc: D:9-12

Altars:
Ashenzari
Cheibriados
Dithmenos
Elyvilon
Fedhas
Gozag
Kikubaaqudgha
Makhleb
Nemelex Xobeh
Okawaru
Pakellas
Qazlal
Ru
Sif Muna
Trog
Vehumet
Xom
Yredelemnul
Zin
The Shining One

Shops:
D:5 *(=*   D:6 !   D:10 (

Annotations:
D:8 Erica
D:10 exclusion: oklob plant, ReniFell's ghost, novice DECj


Innate Abilities, Weirdness & Mutations

You cannot wear most types of armour.
You are amphibious.
You can wear up to eight rings at the same time.
You can use your tentacles to constrict eight enemies at once.
Your skin changes colour to match your surroundings (Stealth).
Your rubbery body absorbs attacks (AC +1).
One of your tentacles bears a nasty spike.
You tend to lose your temper in combat.
Scrolls take you a little longer to read.
Your flesh is cold resistant.
You are weak. (Str -2)


Message History

Aim: ReniFell's ghost, wielding a weapon of protection (almost destroyed)
You feel a surge of power!
The magic dart hits the fulminant prism.
The fulminant prism is lightly damaged.
The centaur shoots an arrow.
The arrow hits you.
The battlesphere is engulfed in roaring flames.
The fulminant prism crackles loudly.
Casting: Magic Dart
Confirm with . or Enter, or press ? or * to list all spells.
Okay, then.
You hit the fulminant prism but do no damage.
You grab the fulminant prism.
You squeeze the fulminant prism, but do no damage.
The fulminant prism is lightly damaged.
You constrict the fulminant prism.
The battlesphere is engulfed in roaring flames.
The centaur shoots an arrow.
The arrow hits you.
The fulminant prism explodes!
The blast of energy engulfs you!
You die...

..P$###.........######
.P_P.##....####.#
<.P..<....## #.#
....#.....# #.# #.........
.#.####...# #c## ........
...# ##...# #..# .......
#..###...## ##.# ./...
..#.รท<..## #(## ....
..#......# #@.###.. #
.>#.>.W..# ##.*W#.#.###..
#.(....### ###.#.......#
#........# ##...W.#####
.........#.######....#.#
...............##.#..#.##
..........###...........W.
..........#
####..##....... #.######.#
#............


You could see a centaur, a battlesphere and ReniFell's ghost.

Vanquished Creatures
  Erolcha (D:8)
  A tengu warrior (D:9)
  Pikel (D:8)
  The ghost of ReniFell the Thaumaturge, a novice DECj (D:8)
  Maurice (D:8)
  2 wyverns
  2 hogs (D:7)
  A human (D:7)
  2 steam dragons
  3 hippogriffs
  Duvessa (D:5)
  4 ice beasts
  A sky beast (D:7)
  A slave (D:8)
  2 orc warriors
  A necrophage (D:7)
  4 phantoms
  A black bear (D:7)
  6 ogres
  5 centaurs
  2 big kobolds (D:9)
  A gnoll sergeant (D:8)
  6 giant frogs
  3 water moccasin zombies (Ossuary)
  A wyvern zombie (D:6)
  Dowan (D:5)
  9 killer bees
  6 howler monkeys
  3 crimson imps
  2 giant frog zombies
  2 quasits (D:9)
  7 hounds
  2 jellies
  Crazy Yiuf (D:6)
  2 orc priests (D:4)
  7 orc wizards
  5 centaur skeletons
  4 giant frog skeletons
  2 iguanas (D:6)
  8 worker ants
  A sheep (D:7)
  A mummy (Ossuary)
  Robin (D:3)
  A howler monkey skeleton (D:10)
  11 adders
  9 gnolls
  2 shadow imps
  3 oozes
  6 adder zombies
  2 adder skeletons
  2 dart slugs
  4 giant geckos
  29 orcs
  5 ball pythons
  11 bats
  2 giant cockroaches (D:1)
  A gnoll zombie (Ossuary)
  17 goblins
  7 hobgoblins
  8 jackals
  7 quokkas
  A giant gecko skeleton (D:4)
  4 giant newts
  3 hobgoblin zombies (Ossuary)
  A jackal zombie (D:6)
  15 kobolds
  6 kobold zombies (Ossuary)
  4 orc zombies (Ossuary)
  A quokka skeleton (D:9)
  6 rats
  5 fungi (D:6)
291 creatures vanquished.

Vanquished Creatures (collateral kills)
  The ghost of Murtagy the Poker, a weakling MfBe of Trog (D:3)
  Terence (D:2)
  A mummy (Ossuary)
  An adder (D:3)
  A giant gecko (D:10)
  An orc (D:3)
  A hobgoblin (D:3)
  A kobold (D:3)
  An orc zombie (Ossuary)
9 creatures vanquished.

Vanquished Creatures (others)
  An ice beast (D:5)
  2 slaves (D:8)
  A giant frog skeleton (D:8)
  A sheep (D:7)
  A hound skeleton (D:10)
  3 orcs
  A quokka (D:4)
  A kobold zombie (Ossuary)
  7 fulminant prisms
  2 fungi (D:6)
20 creatures vanquished.

Grand Total: 320 creatures vanquished

Notes
Turn   | Place    | Note
--------------------------------------------------------------
     0 | D:1      | aspa the Octopode Wizard began the quest for the Orb.
     0 | D:1      | Reached XP level 1. HP: 11/11 MP: 4/4
   268 | D:1      | Reached XP level 2. HP: 17/17 MP: 3/6
   274 | D:1      | Learned a level 2 spell: Call Imp
   438 | D:2      | Noticed Terence
   453 | D:3      | Noticed Robin
   497 | D:1      | Reached XP level 3. HP: 21/21 MP: 4/8
   502 | D:1      | Learned a level 3 spell: Mephitic Cloud
   505 | D:1      | Learned a level 2 spell: Blink
  1158 | D:2      | Killed Terence
  1263 | D:2      | Reached XP level 4. HP: 27/27 MP: 7/10
  1267 | D:2      | Learned a level 2 spell: Repel Missiles
  1313 | D:2      | Reached skill level 1 in Shields
  1399 | D:2      | Found a glowing golden altar of the Shining One.
  1609 | D:3      | Found a snail-covered altar of Cheibriados.
  1857 | D:3      | Noticed Murtagy's ghost (weakling MfBe)
  1878 | D:3      | Killed Murtagy's ghost
  1922 | D:3      | Reached XP level 5. HP: 10/31 MP: 2/11
  1965 | D:3      | Found a sacrificial altar of Ru.
  2660 | D:3      | Learned a level 3 spell: Conjure Flame
  2825 | D:3      | Killed Robin
  2827 | D:3      | Found an iron altar of Okawaru.
  3034 | D:4      | Found a radiant altar of Vehumet.
  3041 | D:4      | Reached XP level 6. HP: 36/36 MP: 9/13
  3046 | D:4      | Became a worshipper of Vehumet
  3240 | D:5      | Entered Level 5 of the Dungeon
  3240 | D:5      | Noticed Duvessa
  3251 | D:5      | Noticed Dowan
  3301 | D:6      | Reached skill level 5 in Spellcasting
  3315 | D:6      | Found Foerch's Distillery.
  3376 | D:5      | Found Cib Osef's Jewellery Shop.
  3376 | D:5      | Found a sand-covered staircase.
  3387 | Ossuary  | Entered an ossuary
  5903 | Ossuary  | Learned a level 2 spell: Slow
  6315 | Ossuary  | Reached XP level 7. HP: 41/41 MP: 5/15
  6451 | Ossuary  | Reached skill level 12 in Fighting
  6451 | Ossuary  | Reached XP level 8. HP: 68/68 MP: 17/17
  6454 | Ossuary  | Reached XP level 9. HP: 73/73 MP: 18/18
  6515 | D:5      | Found Dyopamimuo's Assorted Antiques.
  6537 | D:5      | Reached skill level 1 in Charms
  6826 | D:4      | Reached * piety under Vehumet
  6826 | D:4      | Offered knowledge of Freeze by Vehumet.
  7410 | D:5      | Learned a level 3 spell: Regeneration
  7514 | D:5      | Found a shimmering altar of Xom.
  7559 | D:5      | Found a sparkling altar of Nemelex Xobeh.
  7566 | D:5      | Found Allingaps's Weapon Shoppe.
  7591 | D:5      | Found Cir Jir's Assorted Antiques.
  7908 | D:5      | Found a sacrificial altar of Ru.
  7918 | D:5      | Found a glowing silver altar of Zin.
  7919 | D:5      | Found a white marble altar of Elyvilon.
  7919 | D:5      | Found an oddly glowing altar of Pakellas.
  7925 | D:5      | Found a shattered altar of Ashenzari.
  8038 | D:5      | Killed Duvessa
  8049 | D:5      | Killed Dowan
  8399 | D:6      | Noticed Crazy Yiuf
  8407 | D:6      | Killed Crazy Yiuf
  8414 | D:6      | Got a scorched mace
  8569 | D:6      | Reached XP level 10. HP: 80/80 MP: 15/19
  8826 | D:6      | Offered knowledge of Flame Tongue by Vehumet.
  9292 | D:6      | Reached ** piety under Vehumet
 10017 | D:8      | Noticed ReniFell's ghost (novice DECj)
 10080 | D:7      | Found a staircase to the Ecumenical Temple.
 10089 | Temple   | Entered the Ecumenical Temple
 10179 | Temple   | Gained mutation: You are weak. (Str -2) [mutagenic glow]
 10217 | Temple   | Gained mutation: You tend to lose your temper in combat. [mutagenic glow]
 10436 | Temple   | Identified the +6 mace of the Omega Point {crush, +Inv Int-2 Dex+3} (You found it on level 6 of the Dungeon)
 10710 | D:7      | Found a sparkling altar of Nemelex Xobeh.
 11625 | D:8      | Noticed Maurice
 11633 | D:8      | Noticed Erica
 11902 | D:8      | Offered knowledge of Inner Flame by Vehumet.
 11930 | D:8      | Found a stormy altar of Qazlal.
 12014 | D:8      | Noticed a tengu warrior
 12227 | D:8      | Reached *** piety under Vehumet
 12390 | D:8      | Noticed Pikel
 12535 | D:8      | Killed ReniFell's ghost
 12885 | D:8      | Killed Pikel
 12981 | D:8      | Reached XP level 11. HP: 50/85 MP: 7/21
 13145 | D:8      | Killed Maurice
 13145 | D:8      | Reached skill level 5 in Conjurations
 13994 | D:8      | Noticed Erolcha
 14096 | D:9      | Gained mutation: One of your tentacles bears a spike. [potion of mutation]
 14096 | D:9      | Gained mutation: Your flesh is cold resistant. [potion of mutation]
 14096 | D:9      | Gained mutation: Scrolls take you a little longer to read. [potion of mutation]
 14098 | D:9      | Gained mutation: One of your tentacles bears a nasty spike. [potion of mutation]
 14116 | D:9      | Offered knowledge of Dazzling Spray by Vehumet.
 14121 | D:9      | Learned a level 3 spell: Dazzling Spray
 14752 | D:7      | Reached skill level 1 in Hexes
 15220 | D:10     | Entered Level 10 of the Dungeon
 15238 | D:10     | Found a shimmering altar of Xom.
 15238 | D:10     | Noticed an oklob plant
 15455 | D:9      | Reached **** piety under Vehumet
 15522 | D:10     | Noticed ReniFell's ghost (novice DECj)
 16691 | D:9      | Killed a tengu warrior
 16787 | D:8      | Killed Erolcha
 16787 | D:8      | Reached skill level 1 in Evocations
 17785 | D:10     | Found Laotur's Weapon Emporium.
 17845 | D:11     | Offered knowledge of Iskenderun's Battlesphere by Vehumet.
 17852 | D:11     | Learned a level 5 spell: Iskenderun's Battlesphere
 17933 | D:10     | Killed by an exploding fulminant prism

Skill      XL: |  1  2  3  4  5  6  7  8  9 10 11 |
---------------+----------------------------------+-----
Spellcasting   | 4 5 6 7 8 |  8.2
Conjurations   | 2 3 4 5 |  5.0
Shields        | 1 2 9 |  9.6
Stealth        | 3 |  3.9
Fighting       | 12 | 12.2
Charms         | 1 3 |  3.9
Summonings     | 2 3 4 |  4.4
Translocations | 3 4 |  4.1
Hexes          | 1 |  1.6
Evocations     | 1 |  1.0
Dodging        | |  2.0

Action                   |  1- 3 |  4- 6 |  7- 9 | 10-12 || total
-------------------------+-------+-------+-------+-------++-------
Melee: Unarmed           |    13 |       |       |       ||    13
       Constrict         |     3 |    21 |    11 |    43 ||    78
       Dagger            |     1 |    62 |    49 |    39 ||   151
       Tentacles         |       |     7 |     5 |    28 ||    40
       Staff             |       |       |       |   101 ||   101
       Mace              |       |       |       |    27 ||    27
       Kick              |       |       |       |     8 ||     8
 Cast: Magic Dart        |    82 |   105 |   189 |   633 ||  1009
       Call Imp          |     4 |    13 |     3 |     7 ||    27
       Blink             |       |     8 |       |    12 ||    20
       Repel Missiles    |       |     5 |       |     6 ||    11
       Mephitic Cloud    |       |    19 |    14 |    94 ||   127
       Conjure Flame     |       |     8 |    10 |    44 ||    62
       Slow              |       |       |     2 |     5 ||     7
       Dazzling Spray    |       |       |       |    82 ||    82
       Iskenderun's Batt |       |       |       |     2 ||     2
Evoke: Wand              |       |     1 |       |    15 ||    16
  Use: Potion            |       |     2 |    12 |     4 ||    18
       Scroll            |       |     6 |     1 |    10 ||    17
 Stab: Sleeping          |     2 |     1 |     1 |     1 ||     5
       Confused          |       |     1 |     2 |     3 ||     6
       Invisible         |       |       |       |     5 ||     5
  Eat: Chunk             |     1 |     7 |     7 |    23 ||    38
       Bread ration      |       |     2 |       |     2 ||     4
       Pizza             |       |     1 |       |       ||     1
Armor: Skin              |     3 |     2 |     2 |    24 ||    31
Dodge: Dodged            |    17 |    39 |    19 |   127 ||   202
       Deflected         |       |    10 |     2 |    13 ||    25
Block: Buckler           |       |     6 |    13 |    68 ||    87
